 Dungeon Crawl Stone Soup version 0.30-a0-953-g5f1da4a474 (webtiles) character file.

Game seed: 1654296126231493380

15654 Pooter the Skirmisher (level 12, -21/105 HPs)
             Began as a Minotaur Hunter on Mar 28, 2023.
             Was a Priest of Okawaru.
             Demolished by an orc warlord
             ... wielding a +2 glaive
              (30 damage)
             ... on level 2 of the Orcish Mines on Mar 29, 2023.
             The game lasted 01:08:53 (12653 turns).

Pooter the Skirmisher (Minotaur Hunter)            Turns: 12653, Time: 01:08:54

Health: -21/105    AC: 13    Str: 18    XL:     12   Next: 3%
Magic:  24/24      EV: 10    Int:  6    God:    Okawaru [***...]
Gold:   717        SH:  0    Dex: 17    Spells: 11/11 levels left

rFire   + . .      SeeInvis +    a - +0 battleaxe (spect)
rCold   + . .      Faith    .    (shield currently unavailable)
rNeg    . . .      Spirit   .    K - +0 chain mail of Jojont {Harm +Inv}
rPois   +          Reflect  .    H - +2 hat
rElec   .          Rampage  .    o - +0 cloak
rCorr   .          Harm     + .  (no gloves)
Will    .....                    E - -1 pair of boots "Qezunisa" {+Blink rF+ rC+ MP+9}
Stlth   +                        (no amulet)
HPRegen 0.37/turn                S - ring of see invisible
MPRegen 0.19/turn                P - ring of poison resistance

@: heroic
A: horns 2, retaliatory headbutt
a: Renounce Religion, Evoke Blink, Evoke Invisibility, Heroism


You were on level 2 of the Orcish Mines.
You worshipped Okawaru.
Okawaru was most pleased with you.
You visited 3 branches of the dungeon, and saw 12 of its levels.

You collected 1385 gold pieces.
You spent 668 gold pieces at shops.

Inventory:

Hand Weapons
 a - a +0 spectral battleaxe (weapon)
   (You took it off an orc warrior on level 2 of the Orcish Mines)
 b - a +1 arbalest of draining
   (You took it off an orc warrior on level 6 of the Dungeon)
 f - the +5 hammer of the Tundras {freeze, rPois Str+2 Stlth+}
   (You found it on level 2 of the Dungeon)

   Str:       It affects your strength (+2).
   rPois:     It protects you from poison.
   Stlth:     It makes you more stealthy.
 i - a +0 vampiric war axe
   (You took it off an orc on level 5 of the Dungeon)
 k - a +1 heavy mace
   (You found it on level 1 of the Dungeon)
 l - a +0 halberd
   (You took it off a gnoll on level 2 of the Dungeon)
 p - a +2 quarterstaff of chaos
   (You took it off Crazy Yiuf on level 2 of the Dungeon)
 q - the +4 hammer "Niegin" {flame, rElec rN+ Will- Int+3}
   (You found it on level 2 of the Dungeon)

   Int:       It affects your intelligence (+3).
   rElec:     It insulates you from electricity.
   rN:        It protects you from negative energy.
   Will:      It decreases your willpower.
 N - a +1 morningstar of flaming
   (You took it off Maggie on level 8 of the Dungeon)
Missiles
 h - 8 boomerangs (quivered)
 j - 6 poisoned darts
 I - 2 silver boomerangs
 Q - 108 stones
Armour
 o - a +0 cloak (worn)
   (You took it off Crazy Yiuf on level 2 of the Dungeon)
 E - the -1 pair of boots "Qezunisa" (worn) {+Blink rF+ rC+ MP+9}
   (You found it on level 5 of the Dungeon)

   rF:        It protects you from fire.
   rC:        It protects you from cold.
   MP:        It affects your magic capacity (+9).
   +Blink:    It lets you blink.
 G - a +2 plate armour
   (You took it off an orc warrior on level 6 of the Dungeon)
 H - a +2 hat (worn)
   (You found it on level 7 of the Dungeon)
 K - the +0 chain mail of Jojont (worn) {Harm +Inv}
   (You bought it in a shop on level 2 of the Orcish Mines)

   +Inv:      It lets you turn invisible.
   Harm:      It increases damage dealt and taken.
Jewellery
 m - a ring of magical power
   (You found it on level 2 of the Dungeon)
 F - a ring of protection from fire
   (You found it on level 7 of the Dungeon)
 P - a ring of poison resistance (right hand)
   (You found it on level 1 of the Dungeon)
 S - a ring of see invisible (left hand)
   (You found it on level 1 of the Dungeon)
Wands
 d - a wand of iceblast (5)
   (You took it off an orc warrior on level 8 of the Dungeon)
 u - a wand of paralysis (1)
   (You found it on level 3 of the Dungeon)
Scrolls
 e - a scroll of immolation {!r}
 r - a scroll of amnesia
 t - a scroll of teleportation {@r4}
 z - 2 scrolls of vulnerability {!r}
 L - a scroll of poison {unknown}
 M - a scroll of magic mapping {unknown}
Potions
 c - 2 potions of mutation {!q}
 g - 3 potions of lignification {unknown}
 n - 2 potions of resistance {unknown}
 s - 3 potions of might {unknown}
 v - a potion of cancellation {unknown}
 w - a potion of flight {unknown}
 x - 2 potions of heal wounds {@q2}
 y - 2 potions of brilliance {unknown}
 B - 3 potions of attraction {!q}
 C - a potion of invisibility
 D - 2 potions of haste {@q3}
 J - a potion of curing {@q1}
 O - a potion of magic {unknown}


   Skills:
 + Level 9.6(14.6) Fighting
 * Level 10.1(16.2) Axes
 - Level 7.7(15.1) Maces & Flails
 * Level 12.6(17.6) Ranged Weapons
 - Level 2.1(7.1) Dodging
 - Level 3.6(8.6) Stealth
 + Level 6.3 Invocations
 + Level 5.8 Evocations


You had 11 spell levels left.
You didn't know any spells.
Your spell library contained the following spells:

 Spells                   Type           Power      Damage    Failure   Level
 Borgnjor's Vile Clutch   Necr/Erth      0%         N/A       100%        5
 Chain Lightning          Conj/Air       0%         N/A       100%        9
 Fire Storm               Conj/Fire      0%         5d1       100%        9
 Shatter                  Erth           0%         3d5*      100%        9
 Animate Dead             Necr           Unusable   N/A       N/A         4
 Summon Ice Beast         Ice/Summ       Unusable   N/A       N/A         4
 Summon Mana Viper        Hex/Summ       Unusable   N/A       N/A         5
 Death Channel            Necr           Unusable   N/A       N/A         6
 Monstrous Menagerie      Summ           Unusable   N/A       N/A         7

Dungeon Overview and Level Annotations

Branches:
Dungeon (9/15)             Temple (1/1) D:4             Orc (2/2) D:9
    Elf (0/3) Orc:2
   Lair: D:8-11

Altars:
Ashenzari
Cheibriados
Dithmenos
Elyvilon
Fedhas
Gozag
Kikubaaqudgha
Makhleb
Nemelex Xobeh
Okawaru
Qazlal
Sif Muna
Trog
Uskayaw
Vehumet
Wu Jian
Xom
Yredelemnul
Zin
The Shining One

Shops:
D:3 *   Orc:2 *(

Annotations:
D:9 2 transporters, mandoloar's ghost, novice DgFi


Innate Abilities, Weirdness & Mutations

You have a pair of horns on your head.
You reflexively headbutt those who attack you in melee.


Message History

The orc warlord roars a battlecry!
You feel a bond with your +0 spectral battleaxe.
a - a +0 spectral battleaxe (weapon)
The orc warrior shouts!
The orc warlord hits you with a +2 glaive!!
An orc comes into view. It is wielding a +0 club.
You slash the orc warlord! You headbutt the orc warlord!
Your +0 spectral battleaxe hits the orc warlord but does no damage.
The orc warlord roars a battlecry!
The orc goes into a battle-frenzy!
You barely miss the orc warlord.
Your +0 spectral battleaxe hits the orc warlord but does no damage.
The orc warlord roars a battlecry!
The orc wizard goes into a battle-frenzy!
You slash the orc warlord!
Your +0 spectral battleaxe barely misses the orc warlord.
The orc warlord hits you with a +2 glaive!
You slash the orc warlord! You headbutt the orc warlord!
Your +0 spectral battleaxe hits the orc warlord!!
The orc warlord closely misses you. You furiously retaliate!
You headbutt the orc warlord. You slash the orc warlord!
Your +0 spectral battleaxe barely misses the orc warlord.
Your +0 spectral battleaxe hits the orc!
You kill the orc!
Okawaru accepts your kill.
The orc warlord hits you with a +2 glaive!
You are too injured to fight recklessly!
You are too injured to fight recklessly!
You hit the orc warlord.
Your +0 spectral battleaxe closely misses the orc warlord.
Your +0 spectral battleaxe hits the orc warrior but does no damage.
The orc warrior misses your +0 spectral battleaxe.
You hit the orc warlord but do no damage.
You headbutt the orc warlord, but do no damage.
Your +0 spectral battleaxe hits the orc warlord but does no damage.
Your +0 spectral battleaxe hits the orc wizard!
Your +0 spectral battleaxe hits the orc warrior.
The orc warlord hits you with a +2 glaive!!
* * * LOW HITPOINT WARNING * * *
The orc wizard hits your +0 spectral battleaxe but does no damage.
The orc warrior hits your +0 spectral battleaxe with a +0 battleaxe!!
Your spectral weapon shares its damage with you!
* * * LOW HITPOINT WARNING * * *
You barely miss the orc warlord.
You headbutt the orc warlord, but do no damage.
Your +0 spectral battleaxe barely misses the orc warlord.
The orc wizard shouts!
The orc warlord hits you with a +2 glaive!!
You die...

.##.........####............#
..#........###......##.####.#
............#.....##.#.#.8#.#
.................##....#..#.#
......#...........#..#.#..#.#
......###............#.#.)#.#
.......###....ยง...#.##.##[#.##
.......#......o.....##...)...#
.............#oo@..###...#####
.#...........###(..##....#
.#..#.......##........#.##
....#......###..#.....###
##..#.......#.......#..#
.##................##.##
..#...............##...#
_.#....#...........##.[##
..#....##.......#..##<..#


You could see an orc warlord, an orc warrior (strong), an orc wizard (strong)
and a friendly +0 spectral battleaxe (summoned).

Vanquished Creatures
  An ogre mage (Orc:2)
  2 two-headed ogres
  2 orc high priests (Orc:2)
  An orc knight (Orc:2)
  3 orc sorcerers
  Maggie (D:8)
  2 trolls
  Grinder (D:4)
  A wyvern (D:9)
  A vampire (D:9)
  7 yaks
  3 steam dragons
  Menkaure (D:5)
  A warg (Orc:2)
  30 orc warriors
  2 black bears
  2 sky beasts (D:6)
  An ice beast (D:8)
  13 ogres
  2 centaurs
  A kobold brigand (D:7)
  3 bullfrogs
  A gnoll sergeant (Orc:1)
  3 scorpions
  3 wights (D:8)
  19 killer bees
  5 howler monkeys
  A gnoll bouda (D:6)
  3 hounds
  24 orc priests
  Crazy Yiuf (D:2)
  4 sleepcaps
  Jessica (D:2)
  25 orc wizards
  4 iguanas
  10 adders
  19 gnolls
  2 shadow imps
  A white imp (D:5)
  2 ufetubi (D:6)
  2 worms
  4 dart slugs
  108 orcs
  9 endoplasms
  5 giant cockroaches
  5 goblins (D:1)
  6 hobgoblins
  2 jackals (D:1)
  A quokka (D:3)
  6 ball pythons
  4 bats
  3 frilled lizards
  14 kobolds
  7 rats
385 creatures vanquished.

Vanquished Creatures (others)
  A fungus (D:2)
  23 plants
  4 withered plants (D:4)
28 creatures vanquished.

Grand Total: 413 creatures vanquished

Notes
Turn   | Place    | Note
-------+----------+-------------------------------------------
     0 | D:1      | Pooter the Minotaur Hunter began the quest for the Orb.
     0 | D:1      | Reached XP level 1. HP: 18/18 MP: 0/0
   205 | D:1      | Reached skill level 1 in Stealth
   257 | D:1      | Reached XP level 2. HP: 22/25 MP: 1/1
   424 | D:1      | You fall into a shaft and drop 1 floor!
   424 | D:2      | Found a faded altar of an unknown god.
   486 | D:2      | Identified the +4 hammer "Niegin" {flame, rElec rN+ Will-
                  | Int+3}
   489 | D:2      | Found a runed translucent door.
   490 | D:2      | Noticed Crazy Yiuf
   608 | D:1      | Reached XP level 3. HP: 30/30 MP: 2/2
   818 | D:1      | Reached skill level 1 in Maces & Flails
   978 | D:2      | Reached skill level 5 in Ranged Weapons
   996 | D:2      | Reached XP level 4. HP: 25/38 MP: 3/3
  1097 | D:2      | Noticed Jessica
  1104 | D:2      | Killed Jessica
  1202 | D:2      | Found a shimmering blue altar of Sif Muna.
  1536 | D:2      | Killed Crazy Yiuf
  1537 | D:2      | Reached XP level 5. HP: 45/45 MP: 4/4
  1542 | D:2      | Identified the +5 hammer of the Tundras {freeze, rPois
                  | Str+2 Stlth+}
  2109 | D:3      | Found Niphexosch's General Store.
  2122 | D:3      | Bought a scroll of teleportation for 36 gold pieces
  2684 | D:4      | Reached XP level 6. HP: 30/52 MP: 5/5
  2904 | D:4      | Noticed Grinder
  2920 | D:4      | Paralysed by Grinder for 4 turns
  2927 | D:4      | Killed Grinder
  2928 | D:4      | Reached skill level 6 in Ranged Weapons
  3195 | D:3      | Bought a potion of invisibility for 96 gold pieces
  3235 | D:4      | Reached XP level 7. HP: 46/60 MP: 6/6
  3300 | D:4      | Reached skill level 5 in Maces & Flails
  3445 | D:4      | Found a blossoming altar of Fedhas.
  3445 | D:4      | Found an ancient bone altar of Kikubaaqudgha.
  3583 | D:4      | Reached skill level 7 in Ranged Weapons
  3678 | D:4      | Found a staircase to the Ecumenical Temple.
  3687 | Temple   | Entered the Ecumenical Temple
  3715 | Temple   | Became a worshipper of Warmaster Okawaru
  3883 | D:5      | Entered Level 5 of the Dungeon
  4039 | D:5      | Reached skill level 5 in Fighting
  4058 | D:5      | Noticed Menkaure
  4078 | D:5      | Killed Menkaure
  4079 | D:5      | Reached XP level 8. HP: 13/68 MP: 7/7
  4642 | D:5      | Identified the -1 pair of boots "Qezunisa" {+Blink rF+ rC+
                  | MP+9}
  4660 | D:5      | Reached * piety under Okawaru
  4874 | D:6      | Reached skill level 8 in Ranged Weapons
  4874 | D:6      | Reached skill level 1 in Invocations
  4874 | D:6      | Reached skill level 1 in Evocations
  4878 | D:6      | Reached ** piety under Okawaru
  5404 | D:6      | Reached XP level 9. HP: 33/75 MP: 9/9
  5787 | D:6      | Reached skill level 1 in Axes
  5841 | D:6      | Found a broken altar of Ashenzari.
  5952 | D:6      | Found a glowing golden altar of the Shining One.
  6127 | D:3      | Bought a scroll of enchant weapon for 90 gold pieces
  6435 | D:6      | Identified the +4 dagger "Jyedi" {heavy, rF- Str+4}
  6585 | D:7      | Reached skill level 9 in Ranged Weapons
  6656 | D:7      | Found an ornate altar of the Wu Jian Council.
  7241 | D:7      | Found Zin's Purification Station.
  7244 | D:7      | Found a glowing silver altar of Zin.
  7247 | D:7      | Bought a potion of curing for 90 gold pieces
  7561 | D:8      | Reached skill level 5 in Axes
  7677 | D:8      | Reached XP level 10. HP: 82/86 MP: 11/11
  7702 | D:7      | Reached skill level 10 in Ranged Weapons
  7992 | D:8      | Found a bloodstained altar of Trog.
  8162 | D:8      | Identified the +2 robe of Egalitarianism {rPois Regen+
                  | rCorr Archmagi}
  8169 | D:8      | Noticed Maggie
  8174 | D:8      | Killed Maggie
  8511 | D:9      | Found a transporter.
  8512 | D:9      | Noticed mandoloar's ghost (novice DgFi)
  8512 | D:9      | Noticed a tengu warrior
  8522 | D:9      | Found a transporter.
  8527 | D:9      | Found a basalt altar of Yredelemnul.
  8557 | D:9      | Found a stormy altar of Qazlal.
  9280 | D:9      | Identified the +9 long sword "Idgheyte" {pain, rN+ Int+2}
  9856 | D:9      | Noticed a minotaur
  9866 | D:9      | Noticed a death yak
  9871 | D:9      | Found a staircase to the Orcish Mines.
  9880 | Orc:1    | Entered Level 1 of the Orcish Mines
  9888 | D:9      | Reached skill level 11 in Ranged Weapons
 10051 | D:9      | Noticed an alligator
 10358 | Orc:1    | Noticed a two-headed ogre
 10366 | Orc:1    | Noticed an orc sorcerer
 10367 | Orc:1    | Reached skill level 5 in Invocations
 10368 | Orc:1    | Killed a two-headed ogre
 10369 | Orc:1    | Reached XP level 11. HP: 64/95 MP: 13/13
 10375 | Orc:1    | Killed an orc sorcerer
 10637 | Orc:2    | Entered Level 2 of the Orcish Mines
 10762 | Orc:2    | Noticed a two-headed ogre
 10775 | Orc:2    | Killed a two-headed ogre
 10877 | Orc:2    | Found Baaz's Weapon Shoppe.
 10893 | Orc:2    | Reached skill level 5 in Evocations
 10971 | Orc:2    | Noticed an orc sorcerer
 11008 | Orc:2    | Noticed an orc high priest
 11068 | Orc:2    | Killed an orc high priest
 11078 | Orc:2    | Reached *** piety under Okawaru
 11276 | Orc:2    | Noticed a sixfirhy
 11279 | Orc:2    | Killed an orc sorcerer
 11524 | Orc:2    | Noticed an orc knight
 11542 | Orc:2    | Killed an orc knight
 11543 | Orc:2    | Reached skill level 12 in Ranged Weapons
 11619 | Orc:2    | Found Toiducvubb's Assorted Antiques.
 11619 | Orc:2    | Noticed an orc high priest
 11626 | Orc:2    | Killed an orc high priest
 11633 | Orc:2    | Bought a faintly humming chain mail for 237 gold pieces
 11633 | Orc:2    | Identified the +0 chain mail of Jojont {Harm +Inv} (You
                  | bought it in a shop on level 2 of the Orcish Mines)
 11633 | Orc:2    | Bought a bubbling clear potion for 22 gold pieces
 11633 | Orc:2    | Bought a scroll labelled ROEFRA WOGAE for 25 gold pieces
 11633 | Orc:2    | Bought a scroll of identify for 50 gold pieces
 11633 | Orc:2    | Bought a black potion for 22 gold pieces
 11696 | Orc:2    | Found a staircase to the Elven Halls.
 11899 | Orc:2    | Noticed an ogre mage
 11906 | Orc:2    | Killed an ogre mage
 12429 | Orc:2    | Noticed an orc warlord
 12436 | Orc:2    | Noticed an orc sorcerer
 12438 | Orc:2    | Reached skill level 10 in Axes
 12440 | Orc:2    | Noticed an orc high priest
 12449 | Orc:2    | Killed an orc sorcerer
 12450 | Orc:2    | Reached XP level 12. HP: 43/105 MP: 15/15
 12653 | Orc:2    | Demolished by an orc warlord

Illustrated notes

Levels and vault maps discovered:
D:1:      dpeg_arrival_pits, layout_basic
D:2:      layout_rooms, basic_altar, ebering_ecumenical_altar_abandoned,
          nicolae_grassy_gnolls, uniq_jessica, uniq_crazy_yiuf_cottage
D:3:      layout_loops_corners, serial_shops, nicolae_square_shop,
          serial_park_tiny_2
D:4:      layout_basic, grunt_temple_overflow_growth_and_decay, temple_hall,
          uniq_grinder
D:5:      layout_gridville, supply_closet_lemuel, kennysheep_generic_room_14,
          uniq_menkaure
D:6:      layout_loops_corners, lemuel_coloured_pillars_altar,
          nicolae_ashenzari_skybound
D:7:      layout_loops_corners, nicolae_wu_jian_wuxing_cycle, zin_purify,
          serial_bayou_pond_d, hellmonk_no_cap
D:8:      layout_rooms, amcnicky_altar_gilded, uniq_maggie
D:9:      layout_stronghold, mainiacjoe_overflow_catwalk,
          general_overflow_altar, hiddenorc1_lemuel, nzn_ghost_randoct
Temple:   chequers_temple_sunken
Orc:1:    layout_caves
Orc:2:    grunt_orc_community_town_hall, layout_diamond_mine,
          grunt_orc_community_big_house_2, grunt_orc_community_big_house_1,
          grunt_orc_community_house_3, grunt_orc_community_house_2,
          grunt_orc_community_house_3, grunt_orc_community_house_1,
          grunt_orc_community_house_2, grunt_orc_community_house_3,
          mines4_lemuel

Skill      XL: |  1  2  3  4  5  6  7  8  9 10 11 |
---------------+----------------------------------+-----
Stealth        | 1 2 3 |  3.6
Maces & Flails | 1 2 3 4 6 7 |  7.7
Ranged Weapons | 5 6 7 8 9 11 12 | 12.6
Fighting       | 3 4 5 6 7 8 9 |  9.6
Invocations    | 2 3 5 6 |  6.3
Evocations     | 1 3 4 5 |  5.8
Axes           | 5 7 10 | 10.1
Dodging        | |  2.1

Action                     |  1- 3 |  4- 6 |  7- 9 | 10-12 || total
---------------------------+-------+-------+-------+-------++-------
  Melee: Short sword       |     1 |       |       |       ||     1
         Spear             |     9 |       |       |       ||     9
         Mace              |    18 |    55 |   111 |       ||   184
         Headbutt          |     1 |    10 |    45 |    81 ||   137
         Punch             |       |       |     3 |    10 ||    13
         War axe           |       |       |    86 |   331 ||   417
         Battleaxe         |       |       |       |    22 ||    22
   Fire: Shortbow          |    61 |    87 |    70 |       ||   218
         Arbalest          |       |       |    69 |   141 ||   210
  Throw: Stone             |       |       |       |     1 ||     1
 Invoke: Heroism           |       |       |    13 |    33 ||    46
  Evoke: Wand              |       |     1 |     2 |     4 ||     7
    Use: Scroll            |     2 |     1 |     6 |     6 ||    15
         Potion            |       |       |     1 |     4 ||     5
   Stab: Paralysed         |       |     3 |     2 |       ||     5
         Invisible         |       |       |       |     3 ||     3
 Armour: Leather armour    |    10 |       |       |       ||    10
         Chain mail        |    14 |    56 |    45 |    16 ||   131
         Plate armour      |       |       |    95 |   251 ||   346
  Dodge: Dodged            |    19 |    25 |    95 |   142 ||   281

Table legend: (Time is in decaauts)
 A = Elapsed time spent in this place.
 B = Non-inter-level travel time spent in this place.
 C = Inter-level travel time spent in this place.
 D = Time resting spent in this place.
 E = Time spent auto-exploring this place.
 F = Levels seen in this place.
 G = Mean time per level.
                   A        B        C        D        E       F      G
               +--------+--------+--------+--------+--------+-----+--------+
         Total |  12807 |  12318 |    489 |   3509 |   6036 |  12 | 1067.2 |
       Dungeon |  10248 |   9803 |    445 |   2426 |   5496 |   9 | 1138.7 |
        Temple |     57 |     32 |     25 |      0 |     16 |   1 |   57.0 |
  Orcish Mines |   2501 |   2483 |     18 |   1083 |    524 |   2 | 1250.5 |
               +--------+--------+--------+--------+--------+-----+--------+

Top non-repeatable levels by time:
     D:9: 1791 daAuts
   Orc:2: 1568 daAuts
     D:6: 1474 daAuts
     D:7: 1210 daAuts
     D:4: 1207 daAuts
     D:3: 1155 daAuts
     D:5: 1126 daAuts
   Orc:1: 933 daAuts
     D:1: 907 daAuts
     D:2: 716 daAuts
     D:8: 659 daAuts
  Temple: 57 daAuts
